 Dungeon Crawl Stone Soup version 0.28-a0-863-g8cecda6153 (webtiles) character file.

Game seed: 7203755761118762391

142 freelancePsychic the Bolt Thrower (level 5, 0/41 (42) HPs)
             Began as a Formicid Hunter on Nov 18, 2021.
             Slain by a wight (3 damage)
             ... on level 3 of the Dungeon.
             The game lasted 00:06:00 (3304 turns).

freelancePsychic the Bolt Thrower (Formicid Hunter) Turns: 3304, Time: 00:06:00

HP:   0/41 (42)     AC:  5    Str: 18    XL:     5   Next: 50%
MP:   5/5           EV: 11    Int: 10    God:
Gold: 96            SH:  0    Dex: 11    Spells: 4/4 levels left

rFire   + . .      SeeInvis +   b - +0 hunting sling
rCold   . . .      Faith    .   (no shield)
rNeg    . . .      Spirit   .   e - +0 ring mail
rPois   .          Reflect  .   (helmet unavailable)
rElec   .          Harm     .   (no cloak)
rCorr   .          Rampage  .   (no gloves)
Will    .....                   (no boots)
Stlth   +.........              (no amulet)
HPRegen 0.13/turn               i - ring of protection from fire
MPRegen 0.09/turn               (no ring)

@: lightly drained
A: permanent stasis, dig shafts and tunnels, antennae 3, four strong arms
a: Dig, Shaft Self


You were on level 3 of the Dungeon.
You visited 1 branch of the dungeon, and saw 3 of its levels.

You collected 96 gold pieces.

Inventory:

Hand Weapons
 a - a +1 hand crossbow
 b - a +0 hunting sling (weapon)
 k - a +0 short sword
Missiles
 d - 20 bolts
 f - 3 sling bullets (quivered ammo)
 g - 16 poisoned darts
 l - 70 stones
Armour
 c - a +0 leather armour
 e - a +0 ring mail (worn)
Jewellery
 i - a ring of protection from fire (left hand)
Scrolls
 h - a scroll of vulnerability
 m - a scroll of identify {@r1}
Potions
 j - a potion of mutation


   Skills:
 + Level 3.8 Fighting
 - Level 0.7 Short Blades
 + Level 1.3(1.9) Slings
 - Level 4.7 Crossbows
 - Level 1.7(2.0) Throwing
 - Level 1.8 Dodging
 - Level 1.4 Stealth


You had 4 spell levels left.
You didn't know any spells.
Your spell library was empty.

Dungeon Overview and Level Annotations

Branches:
Dungeon (3/15)

Altars:
Fedhas


Innate Abilities, Weirdness & Mutations

You cannot be hasted, slowed, berserked, paralysed or teleported.
You can dig through walls and to a lower floor.
You have a pair of large antennae on your head. (SInv)
Your four strong arms can wield two-handed weapons with a shield.


Message History

The sling bullet hits the wight but does no damage.
The wight is lightly damaged.
You shoot a sling bullet.
The sling bullet closely misses the wight.
You shoot a sling bullet. The sling bullet hits the wight.
The wight is moderately damaged.
The wight misses you.
You shoot a sling bullet.
The sling bullet barely misses the wight.
The wight hits you with a +3 mace of freezing.
The wight freezes you.
You shoot a sling bullet.
The sling bullet closely misses the wight.
The wight hits you with a +3 mace of freezing!
You feel drained. The wight freezes you.
You are too injured to fight recklessly!
You are too injured to fight recklessly!
Fire: 5 sling bullets
Press: ? - help, Q - select action, (/) - cycle Shift-Dir - straight line, f/p - wight
Aim: a wight, wielding a +3 mace of freezing and wearing a +0 robe (moderately damaged, 56% to hit)
You shoot a sling bullet.
The sling bullet hits the wight but does no damage.
The wight is moderately damaged.
The wight hits you with a +3 mace of freezing!
The wight freezes you.
Fire: 4 sling bullets
Press: ? - help, Q - select action, (/) - cycle Shift-Dir - straight line, f/p - wight
Aim: a wight, wielding a +3 mace of freezing and wearing a +0 robe (moderately damaged, 56% to hit)
You shoot a sling bullet.
The sling bullet barely misses the wight.
The wight hits you with a +3 mace of freezing.
* * * LOW HITPOINT WARNING * * *
The wight freezes you.
* * * LOW HITPOINT WARNING * * *
The wight barely misses you.
There is a stone staircase leading up here.
The wight hits you with a +3 mace of freezing!
* * * LOW HITPOINT WARNING * * *
The wight freezes you.
You die...

########...........##...##
########.........#########
.........................#
#########.......#........#
#.................#
#.................#
#.........###.#####
###.........#[.).....
#...@.......#........
#...##z......##........
#..## ##.....###........
.. ##.#### #........ # #.#
#........ ###.# #........
#...# #........ { ##.###
######### ...######..#


You could see a wight.

Vanquished Creatures
  A jelly (D:3)
  Robin (D:2)
  2 adders (D:2)
  A worm (D:2)
  3 dart slugs
  2 ball pythons
  5 endoplasms
  3 giant cockroaches
  14 goblins
  8 hobgoblins
  9 jackals
  4 kobolds
  A quokka (D:2)
  4 bats
  6 frilled lizards
  2 rats
66 creatures vanquished.

Vanquished Creatures (others)
  3 plants (D:1)
3 creatures vanquished.

Grand Total: 69 creatures vanquished

Notes
Turn   | Place    | Note
-------+----------+-------------------------------------------
     0 | D:1      | freelancePsychic the Formicid Hunter began the quest for
                  | the Orb.
     0 | D:1      | Reached XP level 1. HP: 16/16 MP: 1/1
    76 | D:1      | Reached XP level 2. HP: 17/23 MP: 2/2
   542 | D:1      | Found a faded altar of an unknown god.
   636 | D:1      | Reached XP level 3. HP: 21/28 MP: 3/3
  1647 | D:2      | Reached skill level 1 in Throwing
  1647 | D:2      | Reached XP level 4. HP: 13/35 MP: 4/4
  2393 | D:2      | Noticed Robin
  2425 | D:2      | Killed Robin
  2707 | D:3      | Reached XP level 5. HP: 37/41 MP: 5/5
  3145 | D:3      | Found a blossoming altar of Fedhas.
  3205 | D:3      | Reached skill level 1 in Slings
  3304 | D:3      | Slain by a wight

Illustrated notes

Levels and vault maps discovered:
D:1:      scummos_arrival_simple_fountains, layout_loops_cross,
          dreamdust_ecumenical_altar_grove
D:2:      layout_basic, grunt_ministairs_6, chequers_jeans,
          minmay_misc_feat_room, uniq_robin
D:3:      layout_rooms, general_overflow_altar, kennysheep_potato, uniq_grinder

Skill      XL: |  1  2  3  4  5 |
---------------+----------------+-----
Fighting       | 3 |  3.8
Throwing       | 1 |  1.7
Slings         | 1 |  1.3
Short Blades   | |  0.7
Crossbows      | |  4.7
Dodging        | |  1.8
Stealth        | |  1.4

Action                   |  1- 3 |  4- 6 || total
-------------------------+-------+-------++-------
Melee: Short sword       |   122 |    97 ||   219
 Fire: Hand crossbow     |     2 |       ||     2
       Hunting sling     |       |    24 ||    24
Throw: Dart              |    28 |    22 ||    50
 Abil: Dig               |       |     2 ||     2
  Use: Scroll            |     1 |     2 ||     3
       Potion            |       |     1 ||     1
Armor: Ring mail         |    53 |    33 ||    86
Dodge: Dodged            |    93 |    64 ||   157

Table legend: (Time is in decaauts)
 A = Elapsed time spent in this place.
 B = Non-inter-level travel time spent in this place.
 C = Inter-level travel time spent in this place.
 D = Time resting spent in this place.
 E = Time spent auto-exploring this place.
 F = Levels seen in this place.
 G = Mean time per level.
                   A        B        C        D        E       F      G
               +--------+--------+--------+--------+--------+-----+--------+
         Total |   3322 |   3146 |    176 |    142 |   2389 |   3 | 1107.3 |
       Dungeon |   3322 |   3146 |    176 |    142 |   2389 |   3 | 1107.3 |
               +--------+--------+--------+--------+--------+-----+--------+

Top non-repeatable levels by time:
     D:2: 1897 daAuts
     D:1: 1132 daAuts
     D:3: 292 daAuts
